PAAA
GRYFINDOR BRAVES @ BAKERSFIELD NOBLES
09/12/2027
 
TOP OF THE 1ST
Gryfindor Braves batting - Pitching for Bakersfield Nobles : RHP Panda Montana
Pitching: RHP Panda Montana
Batting: LHB David Breitling 0-0: Ball
1-0: Foul Ball, location: 2F
1-1: Ground out 4-3 (Groundball, 4M)
Batting: RHB Gonzalo Ángel 0-0: Foul Ball, location: 2F
0-1: Ball
1-1: Ball
2-1: Swinging Strike
2-2: Strikes out swinging
Batting: SHB Fernando Sánchez 0-0: SINGLE (Flyball, 8LS)
Batting: LHB Ignacio Medine 0-0: Ball
1-0: Ball
2-0: Called Strike
2-1: Foul Ball, location: 2F
2-2: Ball
3-2: Foul Ball, location: 2F
3-2: Ground out U3 (Groundball, 34)
Top of the 1st over - 0 run(s), 1 hit(s), 0 error(s), 1 left on base; Gryfindor 0 - Bakersfield 0
BOTTOM OF THE 1ST
Bakersfield Nobles batting - Pitching for Gryfindor Braves : RHP Marv Bradford
Pitching: RHP Marv Bradford
Batting: RHB Jock Semple 0-0: SOLO HOME RUN (Flyball, 78XD), Distance : 398 ft
Batting: RHB Cristo González 0-0: Called Strike
0-1: Ball
1-1: Foul Ball, location: 2F
1-2: Foul Ball, location: 2F
1-2: Strikes out swinging
Batting: LHB Theo Fightmaster 0-0: Foul Ball, location: 2F
0-1: Swinging Strike
0-2: Ball
1-2: Ball
2-2: Foul Ball, location: 2F
2-2: Foul Ball, location: 2F
2-2: Ground out 4-3 (Groundball, 4)
Batting: LHB Timmy Appeldoorn 0-0: SINGLE (Flyball, 8LS)
Batting: RHB Alfredo García 0-0: Foul Ball, location: 2F
0-1: Ball
1-1: Swinging Strike
1-2: Ball
2-2: Ground out 5-3 (Groundball, 5S)
Bottom of the 1st over - 1 run(s), 2 hit(s), 0 error(s), 1 left on base; Gryfindor 0 - Bakersfield 1
TOP OF THE 2ND
Gryfindor Braves batting - Pitching for Bakersfield Nobles : RHP Panda Montana
Batting: RHB Roy Herring 0-0: Called Strike
0-1: Called Strike
0-2: Foul Ball, location: 2F
0-2: Ball
1-2: Strikes out looking
Batting: RHB Bob Campbell 0-0: Ball
1-0: Called Strike
1-1: Swinging Strike
1-2: Ball
2-2: Foul Ball, location: 2F
2-2: Fly out, F8 (Flyball, 8RD)
Batting: LHB Micheal Garren 0-0: Called Strike
0-1: Foul Ball, location: 2F
0-2: Strikes out swinging, 2-3 out at first.
Top of the 2nd over - 0 run(s), 0 hit(s), 0 error(s), 0 left on base; Gryfindor 0 - Bakersfield 1
BOTTOM OF THE 2ND
Bakersfield Nobles batting - Pitching for Gryfindor Braves : RHP Marv Bradford
Batting: SHB Silas Floyd 0-0: Called Strike
0-1: Ball
1-1: Swinging Strike
1-2: Fly out, F8 (Flyball, 78M)
Batting: RHB Abílio Conceio 0-0: Ball
1-0: Ball
2-0: Foul Ball, location: 2F
2-1: Ball
3-1: SINGLE (Flyball, 8RS)
Batting: RHB Mario Blanco 0-0: Ball
1-0: Ball
2-0: Foul Ball, location: 2F
2-1: Called Strike
2-2: Fielders Choice at 2nd, 1-4 (Groundball, 15)
Batting: LHB Markus Richardson 0-0: Called Strike
0-1: Swinging Strike
0-2: Ball
Mario Blanco is caught stealing 2nd base
Bottom of the 2nd over - 0 run(s), 1 hit(s), 0 error(s), 0 left on base; Gryfindor 0 - Bakersfield 1
TOP OF THE 3RD
Gryfindor Braves batting - Pitching for Bakersfield Nobles : RHP Panda Montana
Batting: RHB Raúl Reyna 0-0: Called Strike
0-1: Ball
1-1: Ball
2-1: Called Strike
2-2: Ball
3-2: Strikes out looking
Batting: SHB Arturo Romero 0-0: Ball
1-0: Foul Ball, location: 2F
1-1: Ball
2-1: Foul Ball, location: 2F
2-2: Foul Ball, location: 2F
2-2: Foul Ball, location: 2F
2-2: Foul Ball, location: 2F
2-2: Ball
3-2: Base on Balls
Batting: LHB David Breitling 0-0: Ball
1-0: Ball
2-0: Ball
3-0: Base on Balls
Arturo Romero to second
Batting: RHB Gonzalo Ángel 0-0: Ball
1-0: Fly out, F8 (Flyball, 8LM)
Batting: SHB Fernando Sánchez 0-0: Called Strike
0-1: Called Strike
0-2: Fly out, F9 (Flyball, 9D)
Top of the 3rd over - 0 run(s), 0 hit(s), 0 error(s), 2 left on base; Gryfindor 0 - Bakersfield 1
BOTTOM OF THE 3RD
Bakersfield Nobles batting - Pitching for Gryfindor Braves : RHP Marv Bradford
Batting: LHB Markus Richardson 0-0: Ground out 6-3 (Groundball, 6)
Batting: RHB Jock Semple 0-0: SINGLE (Groundball, 56) (infield hit)
Batting: RHB Cristo González 0-0: Fly out, F6 (Popup, 6D)
Batting: LHB Theo Fightmaster 0-0: Ball
1-0: Ball
2-0: Called Strike
2-1: Swinging Strike
2-2: Strikes out swinging
Bottom of the 3rd over - 0 run(s), 1 hit(s), 0 error(s), 1 left on base; Gryfindor 0 - Bakersfield 1
TOP OF THE 4TH
Gryfindor Braves batting - Pitching for Bakersfield Nobles : RHP Panda Montana
Batting: LHB Ignacio Medine 0-0: Ball
1-0: Fly out, F3 (Popup, 34)
Batting: RHB Roy Herring 0-0: Called Strike
0-1: Ball
1-1: Called Strike
1-2: Reached on error, E5 (Groundball, 56)
Batting: RHB Bob Campbell 0-0: Ball
Wild Pitch!
Roy Herring to second
1-0: Called Strike
1-1: Ball
2-1: Swinging Strike
2-2: Strikes out swinging
Batting: LHB Micheal Garren 0-0: Fly out, F8 (Line Drive, 8LM)
Top of the 4th over - 0 run(s), 0 hit(s), 1 error(s), 1 left on base; Gryfindor 0 - Bakersfield 1
BOTTOM OF THE 4TH
Bakersfield Nobles batting - Pitching for Gryfindor Braves : RHP Marv Bradford
Batting: LHB Timmy Appeldoorn 0-0: Swinging Strike
0-1: Foul Ball, location: 2F
0-2: SOLO HOME RUN (Flyball, 8RXD), Distance : 441 ft
Batting: RHB Alfredo García 0-0: Foul Ball, location: 2F
0-1: Ball
1-1: Ball
2-1: Foul Ball, location: 2F
2-2: Foul Ball, location: 2F
2-2: Ball
3-2: Base on Balls
Batting: SHB Silas Floyd 0-0: Ball
Alfredo García steals 2nd base
1-0: Foul Ball, location: 2F
1-1: Ball
2-1: Ball
3-1: Base on Balls
Batting: RHB Abílio Conceio 0-0: Called Strike
Alfredo García steals 3rd base
Silas Floyd to second
0-1: Ball
1-1: Foul Ball, location: 2F
1-2: Foul Ball, location: 2F
1-2: Ball
2-2: Foul Ball, location: 2F
2-2: Foul Ball, location: 2F
2-2: Foul Ball, location: 2F
2-2: Hit by Pitch
Batting: RHB Mario Blanco 0-0: Foul Ball, location: 2F
0-1: Foul Ball, location: 2F
0-2: SINGLE (Line Drive, 4MD)
Alfredo García scores
Silas Floyd to third
Abílio Conceio to second
Batting: LHB Markus Richardson 0-0: Ball
1-0: SINGLE (Groundball, 4D)
Silas Floyd scores
Abílio Conceio to third
Mario Blanco to second
Runner from 3rd tries for Home, throw and OUT!
Mario Blanco to third
Markus Richardson to second
Batting: RHB Jock Semple 0-0: Called Strike
0-1: Foul Ball, location: 2F
0-2: Strikes out swinging
Batting: RHB Cristo González 0-0: DOUBLE (Line Drive, 7LM)
Mario Blanco scores
Markus Richardson scores
Batting: LHB Theo Fightmaster 0-0: Foul Ball, location: 2F
0-1: Called Strike
0-2: Ball
1-2: Ground out U3 (Groundball, 34)
Bottom of the 4th over - 5 run(s), 4 hit(s), 0 error(s), 1 left on base; Gryfindor 0 - Bakersfield 6
TOP OF THE 5TH
Gryfindor Braves batting - Pitching for Bakersfield Nobles : RHP Panda Montana
Batting: RHB Raúl Reyna 0-0: Swinging Strike
0-1: Ball
1-1: Ball
2-1: Foul Ball, location: 2F
2-2: Strikes out swinging
Batting: SHB Arturo Romero 0-0: Foul Ball, location: 2F
0-1: Foul Ball, location: 2F
0-2: Foul Ball, location: 2F
0-2: Ball
1-2: Ball
2-2: Ball
3-2: Foul Ball, location: 2F
3-2: Foul Ball, location: 2F
3-2: Fly out, F4 (Line Drive, 4)
Batting: LHB David Breitling 0-0: Called Strike
0-1: Ball
1-1: Ball
2-1: Ball
3-1: Called Strike
3-2: Base on Balls
Batting: RHB Gonzalo Ángel 0-0: Reached on error, E9 (Flyball, 9S)
David Breitling to third
Batting: SHB Fernando Sánchez 0-0: Fly out, F8 (Flyball, 89S)
Top of the 5th over - 0 run(s), 0 hit(s), 1 error(s), 2 left on base; Gryfindor 0 - Bakersfield 6
BOTTOM OF THE 5TH
Bakersfield Nobles batting - Pitching for Gryfindor Braves : RHP Marv Bradford
Batting: LHB Timmy Appeldoorn 0-0: Ball
1-0: Ball
2-0: Called Strike
2-1: Ball
3-1: Base on Balls
Batting: RHB Alfredo García 0-0: Swinging Strike
Balk!
Timmy Appeldoorn to second
0-1: Ball
1-1: Ground out 4-3 (Groundball, 4)
Timmy Appeldoorn to third
Batting: SHB Silas Floyd 0-0: Called Strike
0-1: Ball
1-1: SINGLE (Groundball, 3D)
Timmy Appeldoorn scores
Pitching: LHP Jorge Cedeño
Batting: RHB Abílio Conceio 0-0: Ball
1-0: Called Strike
1-1: Ball
2-1: Ball
3-1: Grounds into double play, 6-4-3 (Groundball, 6)
Bottom of the 5th over - 1 run(s), 1 hit(s), 0 error(s), 0 left on base; Gryfindor 0 - Bakersfield 7
TOP OF THE 6TH
Gryfindor Braves batting - Pitching for Bakersfield Nobles : RHP Panda Montana
Batting: LHB Ignacio Medine 0-0: Ball
1-0: Foul Ball, location: 2F
1-1: Fly out, F7 (Flyball, 78S)
Batting: RHB Roy Herring 0-0: Ball
1-0: Foul Ball, location: 2F
1-1: Swinging Strike
1-2: Strikes out swinging
Batting: RHB Bob Campbell 0-0: Called Strike
0-1: Foul Ball, location: 2F
0-2: Strikes out swinging, 2-3 out at first.
Top of the 6th over - 0 run(s), 0 hit(s), 0 error(s), 0 left on base; Gryfindor 0 - Bakersfield 7
BOTTOM OF THE 6TH
Bakersfield Nobles batting - Pitching for Gryfindor Braves : LHP Jorge Cedeño
Batting: RHB Mario Blanco 0-0: Ball
1-0: Foul Ball, location: 2F
1-1: Called Strike
1-2: Foul Ball, location: 2F
1-2: Strikes out swinging
Batting: LHB Markus Richardson 0-0: Ground out 5-3 (Groundball, 5S)
Batting: RHB Jock Semple 0-0: Ball
1-0: Foul Ball, location: 2F
1-1: Ball
2-1: Ball
3-1: Base on Balls
Batting: RHB Cristo González 0-0: Called Strike
0-1: Ball
1-1: Swinging Strike
1-2: Fielders Choice at 2nd, 4-6 (Groundball, 4)
Bottom of the 6th over - 0 run(s), 0 hit(s), 0 error(s), 0 left on base; Gryfindor 0 - Bakersfield 7
TOP OF THE 7TH
Gryfindor Braves batting - Pitching for Bakersfield Nobles : RHP Panda Montana
Batting: LHB Micheal Garren 0-0: Swinging Strike
0-1: Ground out 4-3 (Groundball, 4)
Batting: RHB Raúl Reyna 0-0: Ball
1-0: Foul Ball, location: 2F
1-1: Reached on error, E5 (Groundball, 56S)
Batting: SHB Arturo Romero 0-0: Ball
Raúl Reyna is caught stealing 2nd base
1-0: Called Strike
1-1: Foul Ball, location: 2F
1-2: Foul Ball, location: 2F
1-2: Foul Ball, location: 2F
1-2: Ball
2-2: Hit by Pitch
Batting: LHB David Breitling 0-0: Ball
1-0: SINGLE (Line Drive, 7LS)
Arturo Romero to second
Batting: RHB Gonzalo Ángel 0-0: Ball
1-0: Called Strike
1-1: Called Strike
1-2: Strikes out swinging
Top of the 7th over - 0 run(s), 1 hit(s), 1 error(s), 2 left on base; Gryfindor 0 - Bakersfield 7
BOTTOM OF THE 7TH
Bakersfield Nobles batting - Pitching for Gryfindor Braves : LHP Jorge Cedeño
Batting: LHB Theo Fightmaster 0-0: Called Strike
0-1: Ground out 1-3 (Groundball, P)
Batting: LHB Timmy Appeldoorn 0-0: Swinging Strike
0-1: SINGLE (Groundball, 4MD)
Batting: RHB Alfredo García 0-0: Called Strike
0-1: Hit by Pitch
Timmy Appeldoorn to second
Batting: SHB Silas Floyd 0-0: Called Strike
0-1: Ball
1-1: Called Strike
1-2: Strikes out looking
Batting: RHB Abílio Conceio 0-0: Swinging Strike
0-1: Ball
1-1: Foul Ball, location: 2F
1-2: Strikes out swinging
Bottom of the 7th over - 0 run(s), 1 hit(s), 0 error(s), 2 left on base; Gryfindor 0 - Bakersfield 7
TOP OF THE 8TH
Gryfindor Braves batting - Pitching for Bakersfield Nobles : RHP Panda Montana
Pitching: LHP Fernando Torrez
Batting: SHB Fernando Sánchez 0-0: Called Strike
0-1: Called Strike
0-2: Ball
1-2: Ball
2-2: SINGLE (Flyball, 78S)
Batting: LHB Ignacio Medine 0-0: Grounds into double play, 4-6-3 (Groundball, 4)
Batting: RHB Roy Herring 0-0: Called Strike
0-1: Ball
1-1: Foul Ball, location: 2F
1-2: Fly out, F4 (Line Drive, 4M)
Top of the 8th over - 0 run(s), 1 hit(s), 0 error(s), 0 left on base; Gryfindor 0 - Bakersfield 7
BOTTOM OF THE 8TH
Bakersfield Nobles batting - Pitching for Gryfindor Braves : LHP Jorge Cedeño
Pinch Hitting: SHB Ray Davis 0-0: Called Strike
0-1: Ball
1-1: Hit by Pitch
Batting: LHB Markus Richardson 0-0: Called Strike
0-1: Ball
1-1: Foul Ball, location: 2F
1-2: Foul Ball, location: 2F
1-2: Strikes out swinging
Batting: RHB Jock Semple 0-0: Ball
1-0: Fly out, F3 (Popup, 34)
Batting: RHB Cristo González 0-0: Ball
1-0: Called Strike
1-1: Fly out, F6 (Flyball, 56D)
Bottom of the 8th over - 0 run(s), 0 hit(s), 0 error(s), 1 left on base; Gryfindor 0 - Bakersfield 7
TOP OF THE 9TH
Gryfindor Braves batting - Pitching for Bakersfield Nobles : LHP Fernando Torrez
Now at 2B: Wade Killefer
Batting: RHB Bob Campbell 0-0: Ground out 5-3 (Groundball, 56)
Batting: LHB Micheal Garren 0-0: SINGLE (Groundball, 34D)
Batting: RHB Raúl Reyna 0-0: Ball
1-0: Ball
2-0: Reached on error, E4 (Line Drive, 4M)
Micheal Garren to second
Batting: SHB Arturo Romero 0-0: Ball
1-0: Ball
2-0: Ball
3-0: Base on Balls
Micheal Garren to third
Raúl Reyna to second
Batting: LHB David Breitling 0-0: Ball
1-0: Called Strike
1-1: Foul Ball, location: 2F
1-2: Fly out, F8 (Flyball, 8LS)
Batting: RHB Gonzalo Ángel 0-0: Called Strike
0-1: Fielders Choice at 2nd, 5-4 (Groundball, 5L)
Top of the 9th over - 0 run(s), 1 hit(s), 1 error(s), 2 left on base; Gryfindor 0 - Bakersfield 7
Saturday, May 26th, 2018 - OOTP Baseball 17.12 Build 75